Map: Moonlight Madness LE (Void)

Players

RepMeaSt (Semper) - Winner!

  • Race: Terran Terran
  • League: Master

NinjaNight

  • Race: Protoss Protoss
  • League: Master

Event: Lycan League Weekly August #2

VOD

Have the link to the VOD?

Description

Time

  • Played on: Aug. 10, 2015, 1:29 p.m.
  • Length: 5:00

All games in this series

Show
View Real Time Build Order
Export as new Build Order

RepMeaSt Terran - Winner!

Build Orders: Reaper Expand 

Get SALT Encoding   

  12  0:01  SCV  
  13  0:13  SCV  
  14  0:18  Supply Depot  
  14  0:25  SCV  
  15  0:31  Refinery  
  15  0:39  SCV  
  16  0:46  Barracks  
  16  0:51  SCV  
  17  1:04  SCV  
  18  1:16  SCV  
  19  1:32  Orbital Command  
  19  1:33  Reaper  
  20  1:48  Command Center  
  20  1:58  SCV  
  21  2:04  Factory  
  21  2:09  Barracks Reactor  
  21  2:11  SCV  
  22  2:16  Supply Depot  
  22  2:23  SCV  
  23  2:38  SCV  
  24  2:46  Refinery  
  24  2:50  Starport  
  24  2:54  Marine x2  
  24  2:57  SCV, Widow Mine  
  29  3:01  Orbital Command  
  29  3:07  Bunker  
  29  3:09  SCV  
  29  3:12  Marine x2  
  32  3:21  SCV  
  32  3:26  Medivac  
  35  3:27  Widow Mine  
  35  3:28  SCV  
  35  3:31  Marine x2  
  35  3:33  SCV  
  41  3:40  SCV  
  42  3:43  Supply Depot  
  42  3:45  SCV  
  43  3:53  SCV  
  44  3:57  Engineering Bay  
  46  4:04  SCV, Marine x2  
  46  4:05  SCV, Supply Depot  
  50  4:11  Factory Tech Lab  
  50  4:12  Medivac  
  50  4:14  Barracks  
  50  4:17  Barracks  
  50  4:22  Marine x2  
  52  4:29  SCV  
  52  4:35  SCV  
  55  4:41  SCV, Marine  
  55  4:42  Marine  
  55  4:44  Bunker  
  58  4:46  Supply Depot  
Show
View Real Time Build Order
Export as new Build Order

NinjaNight Protoss 

Build Orders: 1 Gate Expand 

Get SALT Encoding   

  12  0:01  Probe  
  13  0:13  Pylon  
  13  0:18  Probe  
  14  0:31  Probe (Chrono Boost)  
  14  0:34  Gateway  
  16  0:43  Probe (Chrono Boost)  
  16  0:45  Assimilator  
  16  0:51  Probe (Chrono Boost)  
  17  1:00  Probe (Chrono Boost)  
  17  1:01  Pylon  
  19  1:12  Probe (Chrono Boost)  
  19  1:22  Cybernetics Core  
  19  1:44  Nexus  
  19  1:53  Probe (Chrono Boost)  
  20  1:57  Assimilator  
  20  2:04  Mothership Core (Chrono Boost)  
  20  2:06  Adept  
  24  2:13  Warp Gate  
  24  2:19  Probe (Chrono Boost)  
  25  2:22  Pylon  
  25  2:25  Probe  
  26  2:39  Probe  
  27  2:52  Probe (Chrono Boost)  
  28  3:02  Probe (Chrono Boost)  
  28  3:03  Probe (Chrono Boost)  
  29  3:09  Gateway  
  29  3:11  Probe x2 (Chrono Boost)  
  29  3:12  Gateway  
  31  3:23  Probe (Chrono Boost)  
  31  3:26  Probe (Chrono Boost)  
  33  3:33  Probe (Chrono Boost)  
  35  3:35  Probe (Chrono Boost)  
  37  3:41  Probe x2 (Chrono Boost)  
  39  4:02  Gateway  
  37  4:03  Gateway  
  37  4:05  Gateway  
  37  4:10  Gateway  
  37  4:14  Pylon  
  37  4:19  Sentry x3  
  43  4:26  Pylon  
  43  4:27  Pylon  
  43  4:38  Probe x2 (Chrono Boost)  
  37  4:47  Sentry x2, Adept  
  37  4:48  Probe x2 (Chrono Boost)  

Tags
 
Add a new tag
Caveats
  • Supply blocks, unpowered buildings, or Contaminate may cause inaccurate times.
  • Supply counts are checked every 10 seconds.